Map: Old Republic LE

Players

BrIzE - Winner!

  • Race: Terran Terran
  • League: Gold
  • Spawn Location: 1:00

SmiSme

  • Race: Protoss Protoss
  • League: Gold
  • Spawn Location: 7:00

VOD

Have the link to the VOD?

Description

Time

  • Played on: March 3, 2026, 2:54 p.m.
  • Length: 12:26
Show
View Real Time Build Order
Export as new Build Order

BrIzE Terran - Winner!

Build Orders:  

Get SALT Encoding   

  12  0:00  SCV  
  13  0:16  Supply Depot  
  13  0:18  SCV  
  14  0:26  Refinery  
  14  0:30  SCV  
  15  0:42  SCV  
  16  0:46  Barracks  
  16  0:54  SCV  
  17  1:06  SCV  
  17  1:07  Refinery  
  18  1:18  SCV  
  19  1:35  Supply Depot, Marine  
  19  1:36  SCV  
  21  1:47  Factory  
  21  1:48  SCV  
  22  2:00  SCV  
  23  2:04  Barracks Tech Lab  
  23  2:08  Barracks  
  23  2:21  SCV  
  24  2:32  Factory Tech Lab  
  24  2:34  SCV, Marine  
  26  2:51  SCV, Command Center  
  27  2:57  Barracks Reactor  
  27  3:09  Supply Depot  
  27  3:10  Siege Tank  
  30  3:19  Orbital Command  
  30  3:36  Starport  
  30  3:41  Marine  
  31  4:07  Marine  
  31  4:08  Marine x2  
  34  4:21  Siege Tank  
  34  4:22  Starport Reactor  
  37  4:24  SCV  
  37  4:30  Orbital Command  
  38  4:36  SCV  
  39  4:48  Supply Depot, SCV  
  39  4:49  Supply Depot  
  40  4:57  Siege Tank  
  40  4:59  Liberator x2  
  49  5:01  SCV  
  50  5:13  SCV  
  51  5:14  SCV  
  52  5:21  Refinery  
  52  5:24  Refinery  
  52  5:25  SCV  
  52  5:26  SCV  
  54  5:37  SCV  
  54  5:38  SCV  
  54  5:41  Factory  
  56  5:44  Starport, Engineering Bay  
  56  5:45  Stimpack  
  56  5:49  SCV  
  57  5:53  Medivac  
  59  5:58  SCV  
  59  6:01  SCV  
  61  6:08  Medivac  
  61  6:09  Marine x2  
  61  6:10  SCV, Marauder  
  68  6:13  SCV  
  68  6:18  Barracks  
  69  6:22  SCV  
  69  6:23  Supply Depot  
  69  6:25  Supply Depot  
  70  6:26  Supply Depot, Starport Reactor  
  70  6:44  Marine  
  70  6:45  Marauder  
  73  6:47  Supply Depot  
  73  6:49  Supply Depot  
  73  6:50  Terran Infantry Armor Level 1  
  59  6:54  Medivac x2  
  77  7:01  SCV  
  77  7:02  SCV  
  77  7:05  Medivac x2  
  77  7:06  Marauder  
  85  7:12  Supply Depot  
  85  7:13  SCV  
  85  7:15  Marine x2  
  88  7:28  Marauder  
  90  7:32  Siege Tank  
  90  7:33  Factory Tech Lab  
  90  7:36  Liberator  
  96  7:37  Marine x2  
  96  7:42  Supply Depot x2  
  96  7:43  Supply Depot  
  99  7:46  SCV  
  99  7:49  Liberator  
  103  7:54  Barracks Tech Lab  
  103  7:58  SCV  
  103  8:05  Liberator  
  106  8:33  Siege Tank x2  
  109  8:45  Terran Infantry Weapons Level 1  
  95  9:05  Marine x3  
  98  9:23  Marine x2  
  98  9:24  Marine x2  
  80  9:41  Marine  
  80  9:42  Marauder x2  
  79  9:55  Liberator x2, Medivac x2  
  89  10:00  Command Center  
  89  10:05  Starport  
  89  10:06  Supply Depot  
  89  10:07  Supply Depot  
  89  10:09  Supply Depot, Barracks  
  89  10:15  Marine x2  
  89  10:16  Marauder x2  
  89  10:21  Siege Tank x2  
  101  10:23  Refinery  
  101  10:25  Viking x2  
  101  10:27  Refinery  
  105  10:28  Factory  
  105  10:35  Armory  
  105  10:37  SCV  
  105  10:38  Viking, Marauder x2  
  105  10:40  Liberator  
  115  10:43  Marine  
  115  10:44  Marine  
  117  10:57  Liberator  
  117  10:58  Marine  
  117  10:59  Marauder  
  123  11:05  Starport Reactor  
  123  11:23  Liberator x2  
  129  11:25  Marine  
  129  11:26  Marine x2, Marauder  
  129  11:27  Marauder  
  121  11:48  Marauder  
  108  12:03  Marine x2  
  108  12:04  Marine, Marauder  
Show
View Real Time Build Order
Export as new Build Order

SmiSme Protoss 

Build Orders: 1 Gate Expand, Phoenix Opening 

Get SALT Encoding   

  12  0:00  Probe  
  13  0:12  Probe  
  14  0:18  Pylon  
  14  0:24  Probe  
  15  0:36  Probe  
  15  0:38  Gateway  
  16  0:45  Probe  
  17  0:51  Assimilator  
  17  0:54  Probe  
  18  1:06  Probe  
  19  1:18  Probe  
  20  1:30  Probe  
  21  1:35  Cybernetics Core  
  21  1:42  Nexus  
  21  1:52  Pylon  
  21  1:55  Assimilator  
  21  1:58  Probe  
  21  2:08  Stalker  
  21  2:10  Probe  
  21  2:13  Warp Gate  
  24  2:22  Probe  
  25  2:30  Gateway  
  25  2:34  Probe  
  26  2:38  Sentry  
  28  2:46  Probe  
  29  2:55  Probe  
  29  2:58  Stalker, Probe  
  33  3:06  Pylon  
  33  3:07  Probe  
  33  3:10  Probe  
  35  3:15  Stalker  
  35  3:19  Probe  
  38  3:22  Phoenix, Probe  
  39  3:32  Gateway  
  39  3:33  Stalker  
  39  3:38  Probe x2  
  43  3:48  Robotics Facility  
  43  3:59  Pylon  
  43  4:03  Probe x2  
  45  4:11  Shield Battery  
  45  4:17  Probe  
  45  4:18  Probe  
  47  4:27  Twilight Council  
  47  4:32  Pylon  
  47  4:36  Stalker x2  
  47  4:37  Stalker  
  53  4:41  Observer  
  53  4:44  Probe  
  53  4:45  Probe  
  56  4:58  Assimilator  
  56  5:01  Assimilator  
  56  5:03  Probe x2  
  56  5:05  Charge  
  58  5:16  Nexus  
  58  5:17  Pylon  
  58  5:20  Pylon  
  58  5:26  Pylon, Probe  
  58  5:27  Probe  
  60  5:29  Pylon  
  60  5:34  Pylon  
  60  5:35  Zealot x3  
  60  5:38  Probe  
  67  5:57  Stargate  
  67  5:59  Immortal  
  67  6:03  Zealot x3  
  77  6:15  Gateway  
  77  6:17  Gateway  
  77  6:19  Gateway  
  77  6:38  Warp Prism  
  79  6:48  Probe x2  
  79  6:50  Probe  
  79  6:53  Phoenix  
  82  7:00  Probe x2  
  86  7:02  Probe  
  87  7:11  Zealot x4  
  87  7:12  Probe  
  87  7:14  Probe, Immortal  
  87  7:15  Phoenix  
  103  7:23  Probe  
  103  7:24  Probe  
  103  7:26  Probe  
  103  7:27  Forge x2  
  106  7:30  Assimilator  
  106  7:33  Assimilator  
  106  7:36  Pylon  
  106  7:39  Pylon  
  106  7:40  Phoenix  
  106  7:42  Pylon  
  108  7:46  Sentry x2  
  112  7:54  Immortal  
  112  7:57  Protoss Ground Weapons Level 1  
  112  7:58  Protoss Ground Armor Level 1  
  116  8:11  Probe x2  
  118  8:15  Zealot x6  
  130  8:24  Templar Archives  
  130  8:27  Phoenix  
  92  8:49  Zealot  
  92  8:50  Zealot x5  
  92  8:52  Phoenix  
  74  9:13  Stalker x4  
  74  9:14  Stalker x2  
  60  9:40  Stalker x6  
  72  9:49  Probe  
  72  9:50  Probe  
  72  9:52  Probe  
  75  9:57  Probe  
  75  9:58  Probe  
  75  10:04  Probe  
  75  10:05  Probe  
  75  10:06  Probe  
  78  10:12  Gateway  
  80  10:14  Gateway  
  80  10:15  Gateway  
  80  10:16  Probe  
  80  10:18  Probe x2, Gateway  
  83  10:21  Gateway  
  83  10:23  Zealot x4  
  83  10:24  Zealot x2  
  83  10:28  Probe  
  96  10:30  Probe  
  97  10:37  Probe  
  97  10:38  Pylon  
  97  10:40  Probe  
  97  10:42  Probe  
  100  10:45  High Templar x3  
  100  10:46  High Templar x2  
  100  10:49  Archon x2  
  110  10:52  High Templar  
  110  10:57  Archon  
  110  11:09  Assimilator  
  110  11:19  Zealot x3  
  110  11:20  Stalker x6  
  110  11:21  Stalker  
  60  12:04  Zealot x4  
  60  12:05  Zealot x7  
Tags
 
Add a new tag
Caveats
  • Supply blocks, unpowered buildings, or Contaminate may cause inaccurate times.
  • Supply counts are checked every 10 seconds.